 Dungeon Crawl Stone Soup version 0.30-a0-457-g4b7bca3bfa (webtiles) character file.

Game seed: 3670233477449021464

295 HoaS the Skirmisher (level 6, -4/35 HPs)
             Began as a Kobold Hunter on Dec 13, 2022.
             Slain by a kobold brigand
             ... wielding a +0 dagger
              (5 damage)
             ... in a sewer.
             The game lasted 00:06:16 (2486 turns).

HoaS the Skirmisher (Kobold Hunter)                 Turns: 2486, Time: 00:06:17

Health: -4/35      AC:  7    Str:  8    XL:     6   Next: 61%
Magic:  6/6        EV: 14    Int: 10    God:
Gold:   156        SH:  0    Dex: 21    Spells: 5/5 levels left

rFire   . . .      SeeInvis .    a - +0 shortbow
rCold   . . .      Faith    .    (shield currently unavailable)
rNeg    + . .      Spirit   .    c - +0 leather armour
rPois   .          Reflect  .    m - +1 helmet
rElec   .          Harm     .    (no cloak)
rCorr   .          Rampage  .    l - +1 pair of gloves
Will    .....                    (no boots)
Stlth   +++.......               (no amulet)
HPRegen 0.25/turn                e - ring of positive energy
MPRegen 0.10/turn                (no ring)

@: mighty
A: small, no large weapons, nightstalker 3
a: no special abilities


You were in a sewer.
You visited 1 branch of the dungeon, and saw 4 of its levels.
You also visited: Sewer.

You collected 156 gold pieces.

Inventory:

Hand Weapons
 a - a +0 shortbow (weapon)
Armour
 c - a +0 leather armour (worn)
 l - a +1 pair of gloves (worn)
 m - a +1 helmet (worn)
Jewellery
 d - a ring of magical power
 e - a ring of positive energy (left hand)
Scrolls
 b - 2 scrolls of immolation
 g - a scroll of brand weapon {unknown}
 k - a scroll of butterflies
 o - a scroll of magic mapping {unknown}
 p - a scroll of teleportation {unknown}
Potions
 f - 2 potions of resistance
 i - a potion of haste {unknown}


   Skills:
 - Level 2.1 Fighting
 + Level 9.8 Ranged Weapons
 - Level 2.4 Dodging
 - Level 1.3 Stealth


You had 5 spell levels left.
You didn't know any spells.
Your spell library was empty.

Dungeon Overview and Level Annotations

Branches:
Dungeon (4/15)              Sewer (1/1)
 Temple: D:4-7

Altars:
Cheibriados

Shops:
D:3 (

Annotations:
D:2 Terence


Innate Abilities, Weirdness & Mutations

You are small and have problems with some larger weapons.
You are completely attuned to the shadows.


Message History

The kobold brigand is lightly wounded.
The kobold closely misses you.
The kobold brigand hits you with a +0 dagger.
* * * LOW HITPOINT WARNING * * *
The kobold brigand hits you but does no damage.
The kobold brigand barely misses you.
You shoot an arrow. The arrow hits the kobold brigand!
The kobold brigand is moderately wounded.
The kobold hits you but does no damage.
The kobold brigand hits you with a +0 dagger.
* * * LOW HITPOINT WARNING * * *
The kobold brigand barely misses you.
The kobold brigand hits you with a +0 dagger.
* * * LOW HITPOINT WARNING * * *
You feel better. The kobold misses you.
The kobold brigand hits you but does no damage.
The kobold brigand completely misses you.
The kobold brigand misses you.
You feel better. The kobold closely misses you.
The kobold brigand hits you with a +0 dagger. x2
* * * LOW HITPOINT WARNING * * *
The kobold brigand hits you but does no damage.
You feel very mighty all of a sudden. The kobold misses you.
The kobold brigand hits you with a +0 dagger.
* * * LOW HITPOINT WARNING * * *
The kobold brigand misses you.
The kobold brigand hits you with a +0 dagger.
* * * LOW HITPOINT WARNING * * *
You shoot an arrow.
The arrow barely misses the kobold brigand.
The kobold hits you with a +0 dagger.
* * * LOW HITPOINT WARNING * * *
The kobold brigand completely misses you.
The kobold brigand hits you but does no damage. x2
You shoot an arrow.
The arrow closely misses the kobold brigand.
The kobold barely misses you.
The kobold brigand hits you with a +0 dagger.
You die...

#≈~~~~~~~~~~~~~~~ ~~ ~~~~~~~~~
#################~~~##########~~~
...#K...~~P~~P~~P...P~~~P~~
∩KK'.....~~~~..~~~P.~~~~~~~
!.!'......~.............P~~
.?.#.......†............... ##
#.......................
##....KKK..............#
#...)K@...##..........#
#######..####...####..# ####
##### ####


You could see 3 kobold brigands and a kobold.

Vanquished Creatures
  A kobold brigand (Sewer)
  A hound (D:4)
  Jessica (D:2)
  Robin (D:2)
  4 adders
  A river rat (D:4)
  An orc (D:3)
  6 endoplasms
  4 giant cockroaches
  10 goblins
  14 hobgoblins
  2 jackals (D:3)
  5 quokkas
  8 ball pythons
  9 bats
  2 frilled lizards (Sewer)
  16 kobolds
  27 rats
113 creatures vanquished.

Vanquished Creatures (others)
  2 plants (Sewer)
2 creatures vanquished.

Grand Total: 115 creatures vanquished

Notes
Turn   | Place    | Note
-------+----------+-------------------------------------------
     0 | D:1      | HoaS the Kobold Hunter began the quest for the Orb.
     0 | D:1      | Reached XP level 1. HP: 12/12 MP: 1/1
   123 | D:1      | Reached XP level 2. HP: 9/17 MP: 2/2
   191 | D:1      | Reached skill level 6 in Ranged Weapons
   371 | D:1      | Reached XP level 3. HP: 21/21 MP: 3/3
  1001 | D:2      | Noticed Jessica
  1005 | D:2      | Reached skill level 7 in Ranged Weapons
  1007 | D:2      | Killed Jessica
  1008 | D:2      | Reached XP level 4. HP: 26/26 MP: 4/4
  1255 | D:2      | Reached XP level 5. HP: 23/30 MP: 5/5
  1401 | D:2      | Noticed Robin
  1403 | D:2      | Reached skill level 8 in Ranged Weapons
  1443 | D:2      | Killed Robin
  1549 | D:2      | Found a faded altar of an unknown god.
  1599 | D:2      | Noticed Terence
  1772 | D:3      | Found a faded altar of an unknown god.
  1878 | D:3      | Found Roca's Weapon Shop.
  2030 | D:3      | Found a snail-covered altar of Cheibriados.
  2175 | D:4      | Reached skill level 9 in Ranged Weapons
  2175 | D:4      | Reached XP level 6. HP: 21/35 MP: 6/6
  2196 | D:4      | Found a glowing drain.
  2218 | Sewer    | Entered a sewer
  2481 | Sewer    | HP: 1/35 [kobold brigand/+0 dagger (2)]
  2486 | Sewer    | Slain by a kobold brigand

Illustrated notes

Levels and vault maps discovered:
D:1:      tekkud_arrival_beachfront_property, layout_basic
D:2:      minmay_chambers_of_ones, layout_loops_ring,
          hellmonk_ecumenical_altar_pennies_from_heaven, uniq_terence,
          uniq_jessica, uniq_robin
D:3:      layout_rooms, overflow_temple_1_default,
          nicolae_overflow_ecumenical_swirl, serial_shops, shop, minmay_rat_hole
D:4:      wander_river, layout_rooms, lemuel_doored_altar, portal_sewer_entry_c
Sewer:    kennysheep_pipe_town

Skill      XL: |  1  2  3  4  5 |
---------------+----------------+-----
Ranged Weapons | 6 7 9 |  9.8
Fighting       | |  2.1
Dodging        | |  2.4
Stealth        | |  1.3

Action                   |  1- 3 |  4- 6 || total
-------------------------+-------+-------++-------
 Fire: Shortbow          |    71 |   171 ||   242
  Use: Scroll            |       |     9 ||     9
       Potion            |       |     5 ||     5
Armor: Leather armour    |     7 |    44 ||    51
Dodge: Dodged            |    23 |    78 ||   101

Table legend: (Time is in decaauts)
 A = Elapsed time spent in this place.
 B = Non-inter-level travel time spent in this place.
 C = Inter-level travel time spent in this place.
 D = Time resting spent in this place.
 E = Time spent auto-exploring this place.
 F = Levels seen in this place.
 G = Mean time per level.
                   A        B        C        D        E       F      G
               +--------+--------+--------+--------+--------+-----+--------+
         Total |   2551 |   2518 |     33 |    178 |   1794 |   5 |  510.2 |
       Dungeon |   2256 |   2223 |     33 |    129 |   1644 |   4 |  564.0 |
         Sewer |    295 |    295 |      0 |     49 |    149 |   1 |  295.0 |
               +--------+--------+--------+--------+--------+-----+--------+

Top non-repeatable levels by time:
     D:1: 913 daAuts
     D:2: 763 daAuts
     D:3: 497 daAuts
   Sewer: 295 daAuts
     D:4: 82 daAuts
